 Dungeon Crawl Stone Soup version 0.28.0 (webtiles) character file.

Game seed: 6612397374576561481

2319 crazypyro the Cleaver (level 9, -1/120 HPs)
             Began as a Hill Orc Berserker on Feb 10, 2022.
             Was a Priest of Trog.
             Slain by a tengu warrior (2 damage)
             ... on level 7 of the Dungeon.
             The game lasted 00:08:33 (7907 turns).

crazypyro the Cleaver (Hill Orc Berserker)          Turns: 7907, Time: 00:08:35

Health: -1/120     AC: 15    Str: 24    XL:     9   Next: 41%
Magic:  9/9        EV: 10    Int:  7    God:    Trog [***...]
Gold:   391        SH:  0    Dex: 16    Spells: 8/8 levels left

rFire   . . .      SeeInvis .   a - +0 hand axe
rCold   . . .      Faith    .   (no shield)
rNeg    . . .      Spirit   .   h - +5 chain mail {Will+}
rPois   .          Reflect  .   (no helmet)
rElec   .          Harm     .   (no cloak)
rCorr   .          Rampage  .   (no gloves)
Will    +++..                   (no boots)
Stlth   ..........              o - amulet of regeneration
HPRegen 2.10/turn               d - +6 ring of dexterity
MPRegen 0.11/turn               (no ring)

@: berserking, strong-willed, regenerating, very quick
A: no striking features
a: Renounce Religion, Berserk, Trog's Hand


You were on level 7 of the Dungeon.
You worshipped Trog.
Trog was most pleased with you.
You visited 1 branch of the dungeon, and saw 8 of its levels.

You collected 391 gold pieces.

Inventory:

Hand Weapons
 a - a +0 hand axe (weapon)
Armour
 b - a +0 animal skin
 f - a +0 ring mail
 g - a +3 ring mail of fire resistance
 h - a +5 chain mail of willpower (worn)
Jewellery
 d - a +6 ring of dexterity (left hand)
 o - an amulet of regeneration (around neck)
Wands
 c - a wand of charming (10)
 l - a wand of iceblast (2)
Scrolls
 j - 4 scrolls of identify
 m - 5 scrolls of fear
Potions
 e - 4 potions of curing
 i - 2 potions of heal wounds
 k - 4 potions of attraction {unknown}
 n - 3 potions of lignification {unknown}
 s - a potion of ambrosia {unknown}
 t - a potion of might {unknown}


   Skills:
 + Level 7.7 Fighting
 + Level 10.6 Axes
 + Level 6.6 Armour
 + Level 4.6 Dodging


You had 8 spell levels left.
You didn't know any spells.
Your spell library was empty.

Dungeon Overview and Level Annotations

Branches:
Dungeon (8/15)             Temple (0/1) D:5
   Lair: D:8-11

Altars:

Shops:
D:1 (

Annotations:
D:3 3 runed translucent doors, horus123's ghost, amateur HOFi
D:4 1 runed translucent door, Crazy Yiuf


Message History

The tengu warrior hits you with a +2 long sword of freezing!
The tengu warrior freezes you.
The tengu warrior pecks you but does no damage.
The tengu warrior claws you but does no damage.
You hit the tengu warrior but do no damage.
The tengu warrior is lightly wounded.
You slash the tengu warrior!
The tengu warrior is moderately wounded.
The tengu warrior hits you with a +2 long sword of freezing!
The tengu warrior freezes you.
The tengu warrior pecks you but does no damage.
The tengu warrior claws you.
* * * LOW HITPOINT WARNING * * *
There is a stone staircase leading up here.
The tengu warrior hits you with a +2 long sword of freezing.
* * * LOW HITPOINT WARNING * * *
The tengu warrior freezes you.
* * * LOW HITPOINT WARNING * * *
The tengu warrior pecks you but does no damage.
The tengu warrior barely misses you.
You climb upwards.
There is a stone staircase leading down here.
The tengu warrior hits you with a +2 long sword of freezing!
* * * LOW HITPOINT WARNING * * *
The tengu warrior freezes you.
* * * LOW HITPOINT WARNING * * *
The tengu warrior pecks you but does no damage.
The tengu warrior claws you but does no damage.
Your skin crawls.
You feel strong-willed. The tengu warrior barely misses you. x2
The tengu warrior claws you but does no damage.
A red film seems to cover your vision as you go berserk!
You feel yourself moving faster!
You feel mighty!
The tengu warrior hits you with a +2 long sword of freezing!
* * * LOW HITPOINT WARNING * * *
The tengu warrior freezes you.
* * * LOW HITPOINT WARNING * * *
The tengu warrior barely misses you. The tengu warrior claws you.
You die...

..........#......#.......#.......
...........#######.......#.......
.......###'###...#.......#.......
....####≈≈≈≈≈#...'.......#.......
....#..#≈≈≈≈≈#.>.#.......#.......
....#..#≈≈≈≈≈#...#.......#.......
....#..#≈≈≈≈≈#...#.......#.......
#####..###'###...#.......#...(...
#.....#......@#.......#.......
#.....#......Q#.......#.......
#####'#......>'.......#.......
###.............#.......#.......
#...............#########.......
#.#....≈.##'####................
#.≈≈...≈.#.....#................
##.≈≈..≈≈≈.....#................
#.#.≈≈...(≈≈...#................


You could see a tengu warrior.

Vanquished Creatures
  Pikel (D:7)
  A necrophage (D:6)
  4 ogres
  2 centaurs
  A kobold brigand (D:7)
  2 scorpions
  A wyvern zombie (D:7)
  A water moccasin zombie (D:6)
  A water moccasin skeleton (D:6)
  A wyvern skeleton (D:7)
  4 killer bees (D:7)
  A howler monkey (D:7)
  A bullfrog zombie (D:6)
  An orc priest (D:3)
  A hound (D:5)
  5 jellies
  A bullfrog skeleton (D:6)
  A centaur skeleton (D:7)
  4 iguanas
  Terence (D:2)
  Ijyb (D:3)
  A hound skeleton (D:5)
  4 gnolls
  5 adders
  A shadow imp (D:6)
  2 white imps
  2 ufetubi (D:6)
  A worm (D:3)
  3 dart slugs
  6 orcs
  7 ball pythons
  A bat skeleton (D:2)
  7 endoplasms
  3 giant cockroaches
  8 goblins
  8 hobgoblins
  4 jackals (D:2)
  5 quokkas
  A ball python skeleton (D:2)
  17 bats
  3 frilled lizards
  A giant cockroach zombie (D:2)
  8 kobolds
  6 rats
140 creatures vanquished.

Vanquished Creatures (others)
  2 withered plants (D:2)
2 creatures vanquished.

Grand Total: 142 creatures vanquished

Notes
Turn   | Place    | Note
-------+----------+-------------------------------------------
     0 | D:1      | crazypyro the Hill Orc Berserker began the quest for the
                  | Orb.
     0 | D:1      | Reached XP level 1. HP: 19/19 MP: 1/1
   261 | D:1      | Reached skill level 5 in Axes
   261 | D:1      | Reached XP level 2. HP: 16/26 MP: 2/2
   515 | D:1      | Reached XP level 3. HP: 23/31 MP: 3/3
   700 | D:1      | Found Jap Mawo's Weapon Shop.
  1124 | D:1      | Reached skill level 6 in Axes
  1286 | D:2      | Reached ** piety under Trog
  1386 | D:2      | Reached XP level 4. HP: 38/39 MP: 4/4
  1568 | D:2      | Found a faded altar of an unknown god.
  1594 | D:2      | Noticed a scorpion
  1617 | D:2      | HP: 1/39 [poisoned by a scorpion]
  1621 | D:2      | Killed a scorpion
  1622 | D:2      | Reached skill level 7 in Axes
  1622 | D:2      | Reached XP level 5. HP: 8/45 MP: 5/5
  1953 | D:2      | Noticed Terence
  1990 | D:2      | Killed Terence
  2385 | D:3      | Reached skill level 8 in Axes
  2443 | D:3      | Found a runed translucent gate.
  2443 | D:3      | Found a runed translucent gate.
  2790 | D:3      | Noticed Ijyb
  2808 | D:3      | Killed Ijyb
  2985 | D:3      | Reached XP level 6. HP: 39/52 MP: 6/6
  3247 | D:3      | Found a runed translucent gate.
  3346 | D:3      | Noticed horus123's ghost (amateur HOFi)
  3719 | D:4      | Reached *** piety under Trog
  3771 | D:4      | Found a runed translucent door.
  3772 | D:4      | Noticed Crazy Yiuf
  3799 | D:4      | You fall into a shaft and drop 3 floors!
  3848 | D:5      | Entered Level 5 of the Dungeon
  3852 | D:5      | Noticed a necrophage
  3880 | D:6      | Killed a necrophage
  3881 | D:6      | Reached XP level 7. HP: 42/60 MP: 7/7
  3897 | D:6      | Reached skill level 5 in Fighting
  4679 | D:5      | Found a staircase to the Ecumenical Temple.
  4877 | D:5      | Reached skill level 9 in Axes
  4877 | D:5      | Reached XP level 8. HP: 63/70 MP: 8/8
  5796 | D:6      | Reached skill level 5 in Armour
  6903 | D:7      | Noticed Pikel
  6951 | D:7      | Reached skill level 10 in Axes
  6967 | D:7      | Killed Pikel
  6968 | D:7      | Reached XP level 9. HP: 33/79 MP: 9/9
  7885 | D:8      | Noticed a tengu warrior
  7907 | D:7      | HP: 4/120 [tengu warrior (10)]
  7907 | D:7      | HP: 1/120 [tengu warrior (3)]
  7907 | D:7      | Slain by a tengu warrior

Illustrated notes

Levels and vault maps discovered:
D:1:      dpeg_arrival_houses_and_road, layout_rooms, serial_shops, shop,
          minmay_stone_trees_large, chequers_mini_garden
D:2:      layout_rooms, nicolae_ecumenical_oubliette, serial_undead,
          serial_undead_d, serial_undead_b, serial_undead_c, serial_undead_c,
          kennysheep_generic_room_15, uniq_terence
D:3:      layout_rooms, gammafunk_ghost_necromancy, uniq_ijyb
D:4:      layout_gridville, uniq_crazy_yiuf_cottage
D:5:      layout_basic, minmay_temple_entry_enclosed_plants, st_stairs_13
D:6:      kennysheep_six_static_rooms, layout_layer_cave,
          nicolae_ossuary_entry_monument
D:7:      layout_gridville, serial_rivers, chequers_serial_rivers_marsh,
          chequers_serial_rivers_room_b, chequers_serial_rivers_small_b,
          chequers_serial_rivers_small_3, roderic_batcave, uniq_pikel
D:8:      gammafunk_boulding_lane, layout_gridville, grunt_qazlal_sundering,
          minmay_microvault, uniq_psyche

Skill      XL: |  1  2  3  4  5  6  7  8 |
---------------+-------------------------+-----
Axes           | 5 6 7 8 9 10 | 10.6
Fighting       | 4 5 7 |  7.7
Armour         | 3 4 6 |  6.6
Dodging        | 2 3 4 |  4.6

Action                   |  1- 3 |  4- 6 |  7- 9 || total
-------------------------+-------+-------+-------++-------
Melee: Hand axe          |    98 |   210 |   300 ||   608
       Punch             |       |     1 |     3 ||     4
Invok: Berserk           |       |     2 |     2 ||     4
       Trog's Hand       |       |     2 |     2 ||     4
  Use: Potion            |       |     1 |       ||     1
       Scroll            |       |     4 |     5 ||     9
 Stab: Sleeping          |     1 |       |       ||     1
Armor: Animal skin       |    17 |     3 |       ||    20
       Ring mail         |       |    18 |       ||    18
       Chain mail        |       |   100 |   162 ||   262
Dodge: Dodged            |    61 |   101 |   149 ||   311
